 Dungeon Crawl Stone Soup version 0.19-a0-27-g415f530 (webtiles) character file.

12236 epen the Grappler (level 11, -1/94 HPs)
             Began as a Ghoul Monk on May 1, 2016.
             Was a High Priest of Cheibriados.
             Slain by a skeletal warrior
             ... wielding a +1 mace of crushing
             ... led by a skeletal warrior
              (3 damage)
             ... on level 11 of the Dungeon.
             The game lasted 00:21:02 (9204 turns).

epen the Grappler (Ghoul Monk)                      Turns: 9204, Time: 00:21:02

Health: -1/94      AC:  8    Str: 35    XL:     11   Next: 90%
Magic:  16/16      EV: 21    Int: 16    God:    Cheibriados [*****.]
Gold:   727        SH:  0    Dex: 25    Spells: 0 memorised, 14 levels left

rFire  . . .     SeeInvis .       - Unarmed
rCold  + . .     Gourm    .     B - +1 leather armour "Ymics" {Str+3}
rNeg   + + +     Faith    .     (no shield)
rPois  ∞         Spirit   .     w - +0 helmet
rElec  .         Dismiss  .     v - +0 cloak
rCorr  .         Reflect  .     (no gloves)
SustAt .         Harm     .     C - +0 pair of boots
MR     .....                    d - amulet of magic regeneration
Stlth  ++++......               (no ring)
                                (no ring)

@: mighty, rotting, very slow, not resistant to hostile enchantments, stealthy
A: rotting body, claws 1, carnivore 3, cold resistance 1, negative energy
resistance 3, slow regeneration 1, torment resistance, unbreathing
a: Bend Time, Temporal Distortion, Slouch, Step From Time, Renounce Religion


You were on level 11 of the Dungeon.
You worshipped Cheibriados.
Cheibriados was extremely pleased with you.
You were not hungry.

You visited 1 branch of the dungeon, and saw 11 of its levels.
You also visited: Ossuary.

You collected 727 gold pieces.

Inventory:

Hand Weapons
 D - the +7 dire flail of Dodon {crush, rC+}
   (You took it off Eustachio on level 6 of the Dungeon)

   It inflicts extra damage upon your enemies.
   It protects you from cold.
Missiles
 A - a throwing net (quivered)
Armour
 a - a +0 robe
 v - a +0 cloak (worn)
 w - a +0 helmet (worn)
 B - the +1 leather armour "Ymics" (worn) {Str+3}
   (You found it on level 6 of the Dungeon)

   It affects your strength (+3).
 C - a +0 pair of boots (worn)
Jewellery
 d - an amulet of magic regeneration (around neck)
 i - an uncursed amulet of the gourmand
 K - an uncursed amulet of dismissal
Wands
 m - a wand of iceblast (3/15)
 q - a wand of paralysis (20/24)
 y - a wand of heal wounds (4/9)
 F - a wand of paralysis (12/24)
 I - a wand of polymorph (12/24)
Scrolls
 c - 2 scrolls of fear
 e - 4 scrolls of enchant weapon
 h - a scroll of random uselessness
 o - 5 scrolls of identify
 p - 2 scrolls of remove curse
 s - a scroll of amnesia
 G - a scroll of recharging
 J - a scroll of vulnerability {unknown}
Potions
 g - 4 potions of mutation
 j - 6 potions of curing
 k - a potion of lignification {unknown}
 l - 3 potions of cure mutation
 n - a potion of haste {unknown}
 t - a potion of ambrosia
 u - 2 potions of might
 x - 2 potions of heal wounds {unknown}
 E - 3 potions of agility {unknown}
Comestibles
 b - 4 meat rations
 f - a royal jelly
 r - 3 beef jerkies
 z - 2 slices of pizza


   Skills:
 + Level 8.0 Fighting
 + Level 4.4 Armour
 * Level 9.0 Dodging
 + Level 8.5 Stealth
 * Level 10.7 Unarmed Combat
 + Level 2.0 Spellcasting
 * Level 8.4 Invocations


You had 14 spell levels left.
You didn't know any spells.

Dungeon Overview and Level Annotations

Branches:
Dungeon (11/15)            Temple (0/1) D:5            Lair (0/8) D:11
    Orc: D:9-12

Altars:
Ashenzari
Cheibriados
Kikubaaqudgha
Makhleb
Nemelex Xobeh
Qazlal
Sif Muna
Zin

Shops:
D:8 }


Innate Abilities, Weirdness & Mutations

Your body is rotting away.
You thrive on raw meat.
You are immune to poison.
You have sharp fingernails.
You are carnivorous and can eat meat at any time.
Your flesh is cold resistant.
You are immune to negative energy.
You regenerate slowly when monsters are visible.
You are immune to unholy pain and torment.
You can survive without breathing.


Message History

* * * LOW HITPOINT WARNING * * *
The skeletal warrior closely misses you.
You bump into the rock wall.
The skeletal warrior misses you.
You bump into the rock wall.
You're too confused to move!
You feel less invigorated.
You feel less confused.
The skeletal warrior hits you with a glaive!
* * * LOW HITPOINT WARNING * * *
You scratch the skeletal warrior.
You destroy the skeletal warrior!
Cheibriados thoroughly appreciates the change of pace.
Your Fighting skill increases to level 8!
Your Dodging skill increases to level 9!
You mangle the skeletal warrior!!
You destroy the skeletal warrior!
Cheibriados appreciates the change of pace.
Your Spellcasting skill increases to level 2!
The skeletal warrior hits you with a mace of crushing!
* * * LOW HITPOINT WARNING * * *
You die...

#..# #..# #..#
#..# #..# #..#
#..# #..#
#..###..#
#####.......#
........z...†.#
..$.....#####z#
........# #@#
...[....# #.#
.z......# #.#
........# #.#
........# #.#
#.# #.# #.# #.#


You could see a skeletal warrior.

Vanquished Creatures
  4 skeletal warriors (D:11)
  A hill giant (D:11)
  The ghost of Mefis the Thaumaturge, a novice DEWz (D:8)
  A manticore (D:11)
  Joseph (D:9)
  A freezing wraith (D:11)
  2 trolls (D:11)
  2 two-headed ogres
  Prince Ribbit (D:7)
  Grinder (D:5)
  2 yaks (D:11)
  A wyvern (D:10)
  Eustachio (D:6)
  2 hippogriffs (D:10)
  A steam dragon (D:8)
  2 hungry ghosts
  Menkaure (D:6)
  2 orc warriors (D:6)
  A sky beast (D:9)
  An ice beast (D:11)
  2 black bears
  A necrophage (D:10)
  6 ogres
  2 phantoms
  12 centaurs
  Blork the orc (D:6)
  An elf zombie (Ossuary)
  7 giant frogs
  5 scorpions
  5 killer bees (D:10)
  4 wights (D:6)
  5 howler monkeys
  3 centaur zombies (Ossuary)
  3 crimson imps
  A giant frog zombie (D:8)
  3 quasits
  3 centaur skeletons
  7 hounds
  2 human zombies (Ossuary)
  Crazy Yiuf (D:7)
  A gnoll shaman (D:7)
  5 orc priests
  2 giant frog skeletons (D:9)
  9 orc wizards
  3 iguanas
  Natasha (thrice) (D:3)
  5 worker ants
  A killer bee zombie (D:7)
  A big kobold zombie (Ossuary)
  A hound zombie (Ossuary)
  3 mummies (Ossuary)
  7 gnolls
  14 adders
  4 shadow imps
  2 oozes
  3 adder zombies
  2 adder skeletons
  A worm (D:2)
  3 dart slugs
  8 giant geckos
  43 orcs
  7 giant cockroaches
  7 goblins
  6 hobgoblins
  8 jackals
  10 kobolds
  4 quokkas
  8 bats
  A giant gecko skeleton (D:7)
  2 giant newts
  2 goblin zombies (Ossuary)
  4 hobgoblin zombies (Ossuary)
  A jackal skeleton (D:4)
  7 jackal zombies (Ossuary)
  2 kobold zombies (Ossuary)
  An orc zombie (Ossuary)
  5 quokka zombies
  7 rats
  6 rat zombies (Ossuary)
312 creatures vanquished.

Notes
Turn   | Place    | Note
--------------------------------------------------------------
     0 | D:1      | epen the Ghoul Monk began the quest for the Orb.
     0 | D:1      | Reached XP level 1. HP: 19/19 MP: 0/0
   172 | D:1      | Reached XP level 2. HP: 26/26 MP: 1/1
   424 | D:1      | Reached XP level 3. HP: 30/31 MP: 2/2
   853 | D:2      | Reached skill level 5 in Unarmed Combat
   983 | D:2      | Reached XP level 4. HP: 39/40 MP: 3/3
  1464 | D:3      | Found a snail-covered altar of Cheibriados.
  1469 | D:3      | Became a worshipper of Cheibriados the Contemplative
  1469 | D:3      | Reached * piety under Cheibriados
  1469 | D:3      | Reached ** piety under Cheibriados
  1602 | D:3      | Found an ancient bone altar of Kikubaaqudgha.
  1619 | D:3      | Noticed Natasha
  1627 | D:3      | Killed Natasha
  1627 | D:3      | Reached XP level 5. HP: 23/46 MP: 4/4
  1687 | D:3      | Noticed Natasha
  1693 | D:3      | Killed Natasha
  1844 | D:3      | Found a glowing silver altar of Zin.
  1953 | D:3      | Noticed Natasha
  1966 | D:3      | Killed Natasha
  1966 | D:3      | Reached XP level 6. HP: 39/53 MP: 5/5
  2055 | D:3      | Reached *** piety under Cheibriados
  2194 | D:3      | Reached skill level 6 in Unarmed Combat
  2653 | D:4      | Reached XP level 7. HP: 32/60 MP: 6/6
  3004 | D:4      | Reached skill level 5 in Fighting
  3197 | D:5      | Entered Level 5 of the Dungeon
  3311 | D:5      | Reached **** piety under Cheibriados
  3311 | D:5      | Reached skill level 5 in Dodging
  3651 | D:5      | Found a staircase to the Ecumenical Temple.
  3677 | D:5      | Noticed Grinder
  3691 | D:5      | Killed Grinder
  3691 | D:5      | Reached skill level 7 in Unarmed Combat
  3691 | D:5      | Reached XP level 8. HP: 51/69 MP: 7/7
  3734 | D:5      | Found a stormy altar of Qazlal.
  3832 | D:5      | Reached skill level 5 in Stealth
  3840 | D:5      | Reached skill level 1 in Invocations
  4256 | D:6      | Noticed Menkaure
  4274 | D:6      | Killed Menkaure
  4296 | D:6      | Got a pitted leather armour
  4309 | D:6      | Identified the +1 leather armour "Ymics" {Str+3} (You found it on level 6 of the Dungeon)
  4463 | D:6      | Found a deep blue altar of Sif Muna.
  4494 | D:6      | Reached skill level 1 in Armour
  4494 | D:6      | Reached XP level 9. HP: 51/75 MP: 10/10
  4547 | D:6      | Reached skill level 8 in Unarmed Combat
  4603 | D:6      | Noticed Blork the orc
  4611 | D:6      | Killed Blork the orc
  4619 | D:6      | Noticed Eustachio
  4641 | D:6      | Killed Eustachio
  4643 | D:6      | Got an iridescent dire flail {crush}
  5340 | D:6      | Identified the +7 dire flail of Dodon {crush, rC+} (You took it off Eustachio on level 6 of the Dungeon)
  5386 | D:7      | Found a shattered altar of Ashenzari.
  5633 | D:7      | Noticed Prince Ribbit
  5673 | D:7      | Killed Prince Ribbit
  5673 | D:7      | Reached skill level 5 in Invocations
  5999 | D:7      | Noticed Crazy Yiuf
  6006 | D:7      | Killed Crazy Yiuf
  6173 | D:7      | Reached XP level 10. HP: 68/84 MP: 12/12
  6350 | D:8      | Reached ***** piety under Cheibriados
  6352 | D:8      | Found a sand-covered staircase.
  6357 | Ossuary  | Entered an ossuary
  6658 | D:8      | Reached skill level 9 in Unarmed Combat
  6809 | D:8      | Found Veowurei's Gadget Boutique.
  7144 | D:8      | Noticed Mefis's ghost (novice DEWz)
  7184 | D:8      | Killed Mefis's ghost
  7425 | D:9      | Reached ****** piety under Cheibriados
  7557 | D:9      | Noticed Joseph
  7572 | D:9      | Killed Joseph
  8008 | D:9      | Found a burning altar of Makhleb.
  8016 | D:9      | Found a sparkling altar of Nemelex Xobeh.
  8101 | D:10     | Entered Level 10 of the Dungeon
  8135 | D:10     | Reached XP level 11. HP: 92/92 MP: 15/15
  8437 | D:10     | Reached skill level 10 in Unarmed Combat
  8894 | D:11     | Noticed a manticore
  8898 | D:11     | Noticed a hill giant
  8902 | D:11     | Killed a manticore
  8909 | D:11     | Killed a hill giant
  8909 | D:11     | Reached skill level 1 in Spellcasting
  8967 | D:11     | Found a staircase to the Lair.
  8969 | D:11     | Noticed a cyclops
  8971 | D:11     | Noticed a death knight
  8973 | D:11     | Noticed a phantasmal warrior
  8974 | D:11     | Noticed a hill giant
  9158 | D:11     | Noticed a skeletal warrior
  9162 | D:11     | Noticed a skeletal warrior
  9171 | D:11     | Noticed a skeletal warrior
  9180 | D:11     | Killed a skeletal warrior
  9185 | D:11     | Noticed a skeletal warrior
  9190 | D:11     | Noticed a skeletal warrior
  9191 | D:11     | Killed a skeletal warrior
  9202 | D:11     | Killed a skeletal warrior
  9203 | D:11     | Killed a skeletal warrior
  9204 | D:11     | HP: 2/94 [skeletal warrior/mace of crushing[a skeletal warrior] (17)]
  9204 | D:11     | Slain by a skeletal warrior

Vault maps used:
D:1:      elethiomel_arrival_maze, minmay_misc_feat_chi
D:2:      serial_forest, infiniplex_forest_clump_curved,
          infiniplex_forest_zigzag_2, infiniplex_forest_lined_1,
          infiniplex_forest_straight_5, infiniplex_forest_straight_2,
          infiniplex_forest_end_double, kennysheep_generic_room_8
D:3:      kiku_gazebo_garden_becter, zin_academy, kennysheep_slug_shrine,
          due_unseen_surprise, uniq_natasha
D:4:      portal_sewer_entry_d
D:5:      nicolae_qazlal_eye_of_the_storm, minmay_temple_entry_fiery,
          first_bread, uniq_grinder
D:6:      corexii_shack_village, lemuel_crystal_altar, uniq_menkaure,
          uniq_eustachio, uniq_blork_the_orc
D:7:      ashenzari_altar_1, uniq_prince_ribbit1, uniq_crazy_yiuf_cottage
D:8:      serial_shops, kennysheep_mini_moat, enter_bailey_2, enter_ossuary_2,
          kennysheep_generic_room_10
D:9:      minitemple, uniq_joseph
D:11:     dpeg_lair_monsters, evilmike_minifort
Ossuary:  minmay_ossuary_two_tombs

Skill      XL: |  1  2  3  4  5  6  7  8  9 10 11 |
---------------+----------------------------------+-----
Dodging        | 3 4 5 6 7 8 9 |  9.0
Unarmed Combat | 5 6 7 8 9 10 | 10.7
Stealth        | 3 4 5 6 7 8 |  8.5
Fighting       | 4 5 6 7 8 |  8.0
Invocations    | 3 5 7 8 |  8.4
Armour         | 1 2 3 4 |  4.4
Spellcasting   | 2 |  2.0

Action                   |  1- 3 |  4- 6 |  7- 9 | 10-12 || total
-------------------------+-------+-------+-------+-------++-------
Melee: Unarmed           |    86 |   209 |   365 |   347 ||  1007
       Punch             |     3 |     4 |    27 |    27 ||    61
Invok: Slouch            |       |       |     5 |     6 ||    11
  Use: Scroll            |       |       |    11 |     6 ||    17
       Potion            |       |       |       |     3 ||     3
 Stab: Sleeping          |     7 |    13 |    11 |    27 ||    58
  Eat: Chunk             |     3 |    19 |    29 |    19 ||    70
Armor: Robe              |    16 |    30 |    22 |       ||    68
       Leather armour    |       |       |    36 |    45 ||    81
Dodge: Dodged            |    46 |   124 |   290 |   312 ||   772
